 Dungeon Crawl Stone Soup version 0.32-a0-711-g016ad743e0 (webtiles) character file.

Game seed: 4212814602707806967

28 blademanzen the Covered (level 3, 0/23 HPs)
             Began as a Gargoyle Fighter on Mar 15, 2024.
             Constricted to death by a ball python (2 damage)
             ... on level 2 of the Dungeon.
             The game lasted 00:05:32 (626 turns).

blademanzen the Covered (Gargoyle Fighter)           Turns: 626, Time: 00:05:33

Health: 0/23       AC: 11    Str: 21    XL:     3   Next: 14%
Magic:  3/3        EV: -1    Int:  8    God:
Gold:   10         SH:  4    Dex:  9    Spells: 2/2 levels left

rFire   . . .        a - +0 flail
rCold   . . .        c - +0 buckler
rNeg    + . .        b - +1 scale mail
rPois   ∞            (no helmet)
rElec   +            (no cloak)
rCorr   .            (no gloves)
SInv    .            (no boots)
Will    .....        (no amulet) Stlth
                     (no ring)
HPRegen 0.23/turn    (no ring)
MPRegen 0.08/turn

%: no passive effects
@: slowed, constricted, very slow
A: sickness immunity, AC +3, negative energy resistance 1, electricity
resistance, torment resistance 1, petrification resistance
a: no special abilities


You were on level 2 of the Dungeon.
You visited 1 branch of the dungeon, and saw 2 of its levels.

You collected 10 gold pieces.

Inventory:

Hand Weapons
 a - a +0 flail (weapon)
Missiles
 e - 2 throwing nets (quivered)
Armour
 b - a +1 scale mail (worn)
 c - a +0 buckler (worn)
 d - a +0 ring mail


   Skills:
 + Level 3.6 Fighting
 + Level 2.3 Maces & Flails
 + Level 3.6 Armour
 + Level 0.2 Dodging
 + Level 3.6 Shields


You had 2 spell levels left.
You didn't know any spells.
Your spell library contained the following spells:

 Spells                   Type           Power      Damage    Failure   Level
 Dazzling Flash           Conj/Hex       0%         N/A       99%         3
 Mephitic Cloud           Conj/Alch/Air  0%         N/A       99%         3
 Curse of Agony           Necr           0%         N/A       100%        5
 Silence                  Hex/Air        0%         N/A       100%        5


Dungeon Overview and Level Annotations

Branches:
Dungeon (2/15)

Altars:
Vehumet

Annotations:
D:2 Natasha, Robin


Innate Abilities, Weirdness & Mutations

You are immune to sickness and miasma.
Your stone body is resilient. (AC +3)
You are immune to poison.
You resist negative energy. (rN+)
You are resistant to electric shocks. (rElec)
You are resistant to unholy torment.
You are immune to petrification.


Message History

Natasha claws you but does no damage. The goblin hits you but does no damage.
The goblin hits you with a +0 club. You block Natasha's attack.
You closely miss the goblin.
The goblin is heavily wounded.
You block the goblin's attack.
Robin says, "Kneel, worm!"
Robin roars a battlecry!
The goblins go into a battle-frenzy!
The goblin barely misses you. Natasha claws you but does no damage.
The goblin hits you with a +0 club. The goblin hits you with a +0 dagger.
* * * LOW HITPOINT WARNING * * *
Robin roars a battlecry!
The goblin goes into a battle-frenzy!
You sock the goblin!
You kill the goblin!
A ball python comes into view.
Natasha barely misses you. The goblin hits you but does no damage.
A hobgoblin comes into view.
The ball python hisses angrily.
Robin throws the goblin at you! The goblin hits you with a +0 dagger.
* * * LOW HITPOINT WARNING * * *
The ball python bites you but does no damage.
The ball python closely misses you.
You see here a +0 club.
You hit the goblin but do no damage. Natasha claws you but does no damage.
The ball python bites you.
* * * LOW HITPOINT WARNING * * *
The goblin closely misses you. Natasha casts a spell at you.
You feel yourself slow down.
You closely miss the goblin.
The hobgoblin shouts!
The ball python bites you but does no damage.
The ball python grabs you. The ball python constricts you.
The goblin hits you but does no damage. Natasha casts a spell at you.
You feel as though you will be slow longer.
The ball python bites you but does no damage.
The ball python constricts you.
You die...

#.....# ###..# .
#.._..# ####...## #
#.....#######....###
#.....#.......####
####....#####....#
##..## ####...# ##.#
#..# ##S## .# #.g@##
#.###h# #. #gg# #


#gggg ..g.... .#..#...# .. ....g.# #. ....#.. .. ...g... You could see Robin,
Natasha, 3 hobgoblins, 5 goblins and a ball python.

Vanquished Creatures
  A dart slug (D:1)
  4 ball pythons
  2 bats
  3 endoplasms (D:1)
  2 giant cockroaches (D:1)
  4 jackals (D:1)
  4 frilled lizards
  2 goblins
  A kobold (D:1)
  2 rats (D:1)
25 creatures vanquished.

Notes
Turn   | Place    | Note
-------+----------+-------------------------------------------
     0 | D:1      | blademanzen the Gargoyle Fighter began the quest for the
                  | Orb.
     0 | D:1      | Reached XP level 1. HP: 14/14 MP: 1/1
    85 | D:1      | Reached XP level 2. HP: 5/19 MP: 2/2
   330 | D:1      | Reached XP level 3. HP: 23/23 MP: 3/3
   330 | D:1      | You fall into a shaft and drop 1 floor!
   602 | D:2      | Found a radiant altar of Vehumet.
   614 | D:2      | Noticed Natasha
   616 | D:2      | Noticed Robin
   625 | D:2      | HP: 1/23 [ball python (3)]
   626 | D:2      | Constricted to death by a ball python

Illustrated notes

Levels and vault maps discovered:
D:1:      heliophobic_arrival_henge, layout_basic, nicolae_the_louvre
D:2:      minmay_general_purpose_star, layout_loops_cross, basic_altar,
          minmay_misc_feat_plants, uniq_natasha, uniq_robin

Action                     || total
---------------------------++-------
  Melee: Flail             ||    84
    Use: Potion            ||     1
         Scroll            ||     4
 Armour: Scale mail        ||   151
  Dodge: Dodged            ||    74
  Block: Buckler           ||    43

Table legend: (Time is in decaauts)
 A = Elapsed time spent in this place.
 B = Non-inter-level travel time spent in this place.
 C = Inter-level travel time spent in this place.
 D = Time resting spent in this place.
 E = Time spent auto-exploring this place.
 F = Levels seen in this place.
 G = Mean time per level.
                   A        B        C        D        E       F      G
               +--------+--------+--------+--------+--------+-----+--------+
         Total |    652 |    220 |    432 |      0 |      0 |   2 |  326.0 |
       Dungeon |    652 |    220 |    432 |      0 |      0 |   2 |  326.0 |
               +--------+--------+--------+--------+--------+-----+--------+

Top non-repeatable levels by time:
     D:1: 350 daAuts
     D:2: 302 daAuts
